 Dungeon Crawl Stone Soup version 0.29.1-1-gd02db6906a (webtiles) character file.

Game seed: 13453109558193992645

72 H0rd4k the Insei (level 4, 0/29 HPs)
             Began as an Octopode Transmuter on Oct 17, 2022.
             Slain by an ufetubus (2 damage)
             ... on level 4 of the Dungeon.
             The game lasted 00:02:08 (3249 turns).

H0rd4k the Insei (Octopode Transmuter)              Turns: 3249, Time: 00:02:08

Health: 0/29       AC:  1    Str:  9    XL:     4   Next: 25%
Magic:  7/7        EV: 13    Int: 17    God:
Gold:   131        SH:  0    Dex: 12    Spells: 6/7 levels left

rFire   + . .      SeeInvis .     - Unarmed
rCold   x . .      Faith    .   (no shield)
rNeg    . . .      Spirit   .   (helmet restricted)
rPois   .          Reflect  .   (no amulet)
rElec   .          Harm     .   e - ring of fire
rCorr   .          Rampage  .   (no ring)
Will    .....                   (no ring)
Stlth   +++.......              (no ring)
HPRegen 0.09/turn               (no ring)
MPRegen 0.10/turn               (no ring)
                                (no ring)
                                (no ring)

@: flying
A: almost no armour, amphibious, 8 rings, camouflage 1, gelatinous body 1,
(nimble swimmer 1), tentacles
a: no special abilities


You were on level 4 of the Dungeon.
You visited 1 branch of the dungeon, and saw 4 of its levels.

You collected 131 gold pieces.

Inventory:

Missiles
 j - 8 poisoned darts
Jewellery
 e - a ring of fire (left tentacle)
Scrolls
 b - a scroll of vulnerability {unknown}
 c - 2 scrolls of identify {unknown}
 f - a scroll of noise {unknown}
 g - a scroll of butterflies {unknown}
 k - a scroll of brand weapon {unknown}
Potions
 a - a potion of lignification
 h - a potion of berserk rage {unknown}
 i - a potion of curing {unknown}
 l - a potion of magic {unknown}


   Skills:
 + Level 1.6 Fighting
 + Level 2.3 Dodging
 + Level 2.2 Stealth
 + Level 3.9 Unarmed Combat
 + Level 2.1 Spellcasting
 + Level 2.0 Transmutations


You had 6 spell levels left.
You knew the following spells:

 Your Spells              Type           Power      Damage    Failure   Level
a - Beastly Appendage     Tmut           16%        N/A       9%          1

Your spell library contained the following spells:

 Spells                   Type           Power      Damage    Failure   Level
 Wereblood                Tmut           8%         N/A       12%         2
 Spider Form              Tmut/Pois      5%         N/A       36%         3
 Ice Form                 Ice/Tmut       5%         N/A       77%         4
 Animate Dead             Necr           1%         N/A       88%         4
 Borgnjor's Vile Clutch   Necr/Erth      0%         N/A       99%         5
 Death Channel            Necr           0%         N/A       100%        6


Dungeon Overview and Level Annotations

Branches:
Dungeon (4/15)
 Temple: D:4-7

Altars:

Annotations:
D:2 exclusion: downstairs
D:3 Grinder


Innate Abilities, Weirdness & Mutations

You cannot wear most types of armour.
You are amphibious.
You can wear up to eight rings at the same time.
Your skin changes colour to match your surroundings (Stealth+).
Your rubbery body absorbs attacks. (AC +1, EV +1)
((You are camouflaged when in or above water. (Stealth+)))
You have tentacles for arms and can constrict up to eight enemies at once.


Message History

The orc hits you but does no damage.
You tentacle-slap the orc but do no damage.
The orc is heavily wounded.
You constrict the orc. The orc barely misses you.
You tentacle-slap the orc.
You kill the orc!
The jelly quivers.
The ball python barely misses you. The ball python grabs you.
The ball python constricts you.
You escape the ball python's grasp.
The ufetubus attacks as you move away! The ufetubus misses you.
The ufetubus hits you but does no damage.
A ball python comes into view.
The ball python closely misses you. The ball python barely misses you.
The ufetubus hits you. x2
The ufetubus attacks as you move away! The ufetubus closely misses you.
The ufetubus misses you. The ufetubus attacks as you move away!
The ufetubus hits you. The ufetubus barely misses you.
The ufetubus misses you. x2
The ball python completely misses you. The ball python closely misses you.
The ufetubus hits you. x2; The ball python bites you.
The ball python barely misses you. The ufetubus attacks as you move away!
The ufetubus barely misses you. The ufetubus hits you. The ufetubus misses you.
The ufetubus hits you.
* * * LOW HITPOINT WARNING * * *
The ball python hisses angrily.
Found a scroll labelled NUZIFU CORYE.
The ball python bites you.
* * * LOW HITPOINT WARNING * * *
The ball python barely misses you. The ball python bites you.
* * * LOW HITPOINT WARNING * * *
The ball python misses you. The ufetubus attacks as you move away!
The ufetubus closely misses you. The ufetubus barely misses you.
The ufetubus misses you. The ufetubus closely misses you.
It was a potion of flight.
You feel very buoyant.
You fly up into the air.
The ufetubus barely misses you. x2
The ball python misses you. The ball python barely misses you.
The ufetubus hits you.
You die...

..........
.......
##+###.....
#...##...#
#...##...#
#.....<..#
+.....)..# ..
#...##...#
...##..@##...#
.....$S5##...#
?......S##...##
.......J......#
...##+####....#
.. #....# .
#.....# #.....#
##...##


You could see a jelly, an ufetubus and 2 ball pythons.

Vanquished Creatures
  An adder (D:2)
  2 worms (D:2)
  3 orcs
  7 ball pythons
  8 endoplasms
  A giant cockroach (D:2)
  5 goblins
  5 hobgoblins (D:1)
  4 jackals (D:1)
  2 quokkas (D:1)
  4 bats
  4 frilled lizards (D:2)
  3 kobolds
  2 rats (D:1)
51 creatures vanquished.

Notes
Turn   | Place    | Note
-------+----------+-------------------------------------------
     0 | D:1      | H0rd4k the Octopode Transmuter began the quest for the Orb.
     0 | D:1      | Reached XP level 1. HP: 13/13 MP: 3/3
   318 | D:1      | Reached XP level 2. HP: 14/18 MP: 5/5
  1417 | D:1      | Reached XP level 3. HP: 23/23 MP: 6/6
  1955 | D:2      | Reached skill level 1 in Stealth
  2715 | D:2      | Reached XP level 4. HP: 24/28 MP: 7/7
  3188 | D:3      | Found a faded altar of an unknown god.
  3213 | D:3      | Noticed Grinder
  3249 | D:4      | Slain by an ufetubus

Illustrated notes

Levels and vault maps discovered:
D:1:      elethiomel_arrival_maze, layout_basic, serial_rivers,
          chequers_serial_rivers_micro_d, chequers_serial_rivers_room_a,
          chequers_serial_rivers_marsh, chequers_serial_rivers_marsh
D:2:      layout_loops_ring, minmay_misc_feat_four_crosses
D:3:      layout_basic, nicolae_ecumenical_snake_handling,
          dreamdust_wishing_well, uniq_robin, uniq_natasha, uniq_grinder,
          uniq_jessica
D:4:      layout_gridville, minmay_temple_entry_drinking_statues,
          nicolae_concentric_dashed_squares_mild, kennysheep_another_room

Skill      XL: |  1  2  3  4 |
---------------+-------------+-----
Stealth        | 1 2 |  2.2
Fighting       | |  1.6
Dodging        | |  2.3
Unarmed Combat | |  3.9
Spellcasting   | |  2.1
Transmutations | |  2.0

Action                   |  1- 3 |  4- 6 || total
-------------------------+-------+-------++-------
Melee: Unarmed           |   106 |    22 ||   128
       Constrict         |    25 |     5 ||    30
       Tentacles         |    14 |     4 ||    18
       Punch             |     5 |       ||     5
       Kick              |     1 |     1 ||     2
 Cast: Beastly Appendage |     1 |     1 ||     2
  Use: Potion            |       |     1 ||     1
 Stab: Sleeping          |    12 |       ||    12
Armor: Skin              |     5 |     3 ||     8
Dodge: Dodged            |    67 |    35 ||   102
